Map: Kairos Junction LE

Players

Smeeeger - Winner!

  • Race: Zerg Zerg
  • League: Platinum
  • Spawn Location: 5:00

HazurD

  • Race: Protoss Protoss
  • League: Diamond
  • Spawn Location: 11:00

VOD

Have the link to the VOD?

Description

Time

  • Played on: July 14, 2019, 8:26 p.m.
  • Length: 14:52
Show
View Real Time Build Order
Export as new Build Order

Smeeeger Zerg - Winner!

Build Orders: Hatch First 

Get SALT Encoding   

  12  0:00  Drone  
  13  0:14  Overlord  
  13  0:20  Drone  
  14  0:34  Drone x2  
  16  0:51  Drone  
  16  0:53  Drone  
  18  1:03  Drone  
  19  1:13  Hatchery  
  19  1:15  Spawning Pool  
  19  1:17  Extractor  
  16  1:23  Drone x2  
  18  1:30  Drone  
  19  1:40  Overlord  
  19  2:01  Queen  
  21  2:09  Zergling x2  
  21  2:10  Zergling x2  
  23  2:19  Metabolic Boost  
  23  2:25  Drone  
  23  2:26  Queen  
  23  2:29  Drone  
  27  2:31  Drone  
  28  2:46  Hatchery  
  28  2:47  Drone x4  
  31  3:00  Overlord  
  31  3:01  Queen  
  33  3:09  Drone, Overlord  
  33  3:11  Drone  
  33  3:36  Drone x4  
  33  3:37  Zergling x4  
  39  3:48  Drone  
  39  3:49  Drone  
  41  3:58  Drone  
  41  3:59  Drone x2  
  41  4:02  Extractor  
  43  4:03  Extractor  
  43  4:07  Zergling x2  
  43  4:14  Drone x4  
  43  4:15  Drone x2, Overlord  
  43  4:16  Overlord  
  43  4:17  Queen  
  49  4:23  Lair  
  51  4:25  Drone x2  
  51  4:26  Zergling x2  
  51  4:29  Baneling Nest  
  53  4:33  Drone  
  53  4:34  Drone x2  
  56  4:43  Spore Crawler  
  56  4:45  Spore Crawler  
  54  4:46  Drone  
  54  4:47  Drone  
  54  4:48  Zergling x2  
  54  4:49  Zergling x4  
  59  4:57  Zergling x6  
  59  4:58  Zergling x4  
  64  5:04  Drone x4  
  64  5:06  Spore Crawler  
  67  5:17  Drone x4  
  67  5:19  Overlord  
  71  5:21  Baneling  
  71  5:22  Baneling x4  
  71  5:26  Overlord  
  71  5:27  Overlord  
  71  5:37  Queen  
  71  5:38  Overlord  
  71  5:39  Overlord  
  73  5:44  Queen  
  73  5:47  Drone x2  
  73  5:48  Drone  
  78  5:51  Extractor  
  78  5:53  Extractor  
  78  5:55  Hydralisk Den  
  75  5:59  Centrifical Hooks, Evolution Chamber  
  75  6:00  Evolution Chamber  
  75  6:04  Drone x2  
  74  6:05  Drone x3  
  74  6:07  Zergling x8  
  82  6:24  Muscular Augments  
  82  6:26  Zerg Missile Weapons Level 1  
  82  6:27  Zerg Ground Armor Level 1  
  82  6:30  Baneling x3  
  82  6:31  Baneling  
  75  7:07  Drone  
  75  7:08  Drone x5  
  79  7:09  Overlord x3  
  79  7:13  Overlord x2  
  77  7:26  Baneling x10  
  77  7:27  Hatchery  
  76  7:33  Hydralisk x7  
  76  7:36  Grooved Spines  
  90  7:37  Hydralisk  
  82  8:07  Hydralisk, Drone x4  
  82  8:08  Hydralisk x7  
  100  8:13  Drone x2  
  100  8:14  Drone x2  
  104  8:21  Zergling x20  
  115  8:27  Drone x2  
  115  8:34  Zergling x4  
  112  8:44  Drone x2  
  112  8:45  Hydralisk, Drone x2  
  112  8:46  Hydralisk x5  
  112  8:48  Queen  
  128  8:54  Baneling x3  
  128  8:55  Baneling x5  
  130  8:56  Baneling x4  
  130  8:57  Drone x6  
  130  9:00  Spine Crawler  
  130  9:01  Spore Crawler x2  
  133  9:04  Drone, Spine Crawler  
  133  9:05  Drone x2, Spine Crawler  
  133  9:06  Spore Crawler  
  133  9:07  Extractor  
  133  9:09  Spine Crawler  
  131  9:10  Spine Crawler  
  116  9:30  Zergling x22  
  116  9:31  Zergling x6  
  118  9:50  Hydralisk x5  
  118  9:51  Zerg Missile Weapons Level 2  
  118  9:52  Zerg Ground Armor Level 2  
  114  9:57  Spine Crawler  
  114  9:59  Baneling  
  113  10:00  Hydralisk x2, Baneling x5, Spine Crawler  
  115  10:15  Hydralisk  
  115  10:17  Drone x4  
  115  10:18  Drone x2  
  123  10:28  Spire  
  122  10:32  Infestation Pit  
  122  10:33  Drone x2  
  122  10:34  Drone  
  122  10:35  Overlord x4  
  124  10:36  Overlord  
  124  10:37  Overseer x2  
  124  10:39  Drone x2  
  124  10:41  Pneumatized Carapace  
  124  10:42  Drone  
  127  10:43  Drone x5  
  132  10:59  Baneling x10  
  123  11:14  Zergling x4  
  123  11:15  Zergling x28  
  102  11:27  Zergling x8  
  104  11:34  Baneling x6  
  104  11:35  Baneling x14  
  104  11:36  Hydralisk x2  
  108  11:46  Hive  
  108  11:48  Drone  
  108  11:49  Drone x2, Extractor  
  108  11:51  Drone x3, Extractor  
  103  12:10  Zergling x14  
  103  12:11  Zergling x14  
  116  12:18  Zerg Melee Weapons Level 1  
  114  12:30  Baneling x10  
  114  12:31  Hydralisk x7, Baneling x4  
  114  12:32  Hydralisk  
  130  12:38  Overseer  
  125  13:04  Baneling x2  
  125  13:05  Baneling x17  
  123  13:10  Hatchery  
  123  13:12  Extractor  
  121  13:13  Hydralisk x5, Spine Crawler x2  
  121  13:14  Hydralisk x2  
  121  13:15  Spore Crawler, Spine Crawler, Extractor  
  121  13:16  Spore Crawler  
  129  13:33  Zergling x2  
  129  13:34  Zergling x40  
  121  13:36  Zergling x2  
  131  13:45  Zergling x4  
  132  14:01  Zergling x2  
  132  14:02  Zergling x22  
  142  14:09  Drone x3  
  142  14:24  Baneling x2  
  142  14:25  Baneling x22  
  141  14:34  Zergling x18  
  141  14:35  Zergling x16  
Show
View Real Time Build Order
Export as new Build Order

HazurD Protoss 

Build Orders: 1 Gate Expand 

Get SALT Encoding   

  12  0:01  Probe  
  13  0:13  Probe  
  14  0:20  Pylon  
  14  0:25  Probe  
  15  0:36  Probe  
  15  0:38  Gateway  
  16  0:44  Probe  
  17  0:52  Probe  
  18  1:19  Nexus  
  18  1:23  Pylon  
  18  1:30  Assimilator  
  18  1:41  Cybernetics Core  
  18  1:46  Probe  
  19  2:00  Gateway  
  19  2:06  Gateway  
  19  2:07  Warp Gate  
  19  2:08  Probe  
  19  2:12  Assimilator  
  20  2:16  Probe  
  21  2:26  Probe  
  22  2:31  Probe  
  23  2:38  Probe  
  23  2:43  Probe  
  23  2:44  Stalker  
  27  2:50  Probe  
  28  2:54  Adept  
  28  2:55  Probe  
  31  3:02  Sentry  
  31  3:03  Probe  
  34  3:07  Probe  
  35  3:15  Probe  
  36  3:33  Probe x2  
  36  3:45  Probe  
  36  3:47  Probe  
  38  3:56  Pylon  
  38  3:57  Probe  
  38  3:58  Robotics Facility  
  38  3:59  Probe, Pylon  
  40  4:09  Probe  
  41  4:11  Probe  
  42  4:21  Probe  
  42  4:22  Pylon  
  42  4:23  Probe  
  44  4:25  Assimilator  
  44  4:26  Sentry  
  46  4:33  Probe  
  46  4:35  Probe  
  46  4:36  Twilight Council  
  46  4:37  Stalker  
  50  4:45  Probe  
  51  4:47  Zealot, Probe  
  51  4:50  Zealot  
  56  4:54  Observer  
  56  4:58  Probe  
  56  4:59  Assimilator  
  57  5:04  Probe  
  59  5:09  Charge  
  59  5:10  Pylon  
  59  5:12  Immortal  
  63  5:32  Zealot x3  
  69  5:46  Templar Archives  
  69  5:48  Pylon  
  69  5:52  Pylon  
  69  5:53  Gateway x2  
  69  5:54  Gateway  
  69  5:55  Gateway, Pylon  
  69  5:57  Probe x2  
  69  6:02  Pylon  
  71  6:06  Immortal  
  71  6:09  Probe x2  
  77  6:13  Psionic Storm  
  77  6:19  Pylon  
  77  6:23  Zealot  
  77  6:24  Zealot  
  77  6:25  Zealot  
  83  6:38  Probe x2  
  85  6:41  Warp Prism  
  79  6:59  Adept x3  
  79  7:00  Zealot x3  
  79  7:01  Zealot  
  89  7:05  Probe  
  90  7:09  Gateway x2  
  90  7:21  Pylon  
  90  7:25  Pylon  
  90  7:29  Gateway  
  90  7:31  Gateway  
  90  7:37  High Templar  
  90  7:38  High Templar x3  
  90  7:41  High Templar  
  90  7:42  High Templar x2  
  104  8:01  Archon  
  104  8:04  Zealot x2  
  86  8:31  Nexus, Archon  
  80  8:34  Pylon  
  80  8:36  Pylon  
  80  8:37  Zealot x7  
  80  8:38  Zealot x3  
  96  8:47  High Templar  
  98  8:49  Pylon  
  98  8:53  Pylon  
  98  8:56  Nexus  
  98  9:14  Adept  
  98  9:16  Adept x2  
  98  9:17  Adept  
  98  9:19  Zealot x4  
  98  9:22  High Templar x3  
  76  9:51  Zealot x5  
  78  9:58  Probe x2  
  70  10:12  High Templar x4  
  70  10:13  High Templar x2, Assimilator  
  82  10:14  Assimilator  
  82  10:17  Blink  
  82  10:22  Gateway  
  82  10:23  Probe x2  
  82  10:24  Gateway  
  84  10:33  Forge  
  84  10:41  High Templar  
  86  10:44  High Templar  
  86  10:45  Zealot x2  
  86  10:46  Zealot  
  86  10:49  Archon  
  94  10:55  Observer  
  95  10:58  Probe x3  
  70  11:24  Probe  
  70  11:25  Protoss Ground Weapons Level 1  
  65  11:26  Probe  
  65  11:28  Probe  
  60  11:33  Probe  
  60  11:34  Probe  
  60  11:36  Probe  
  62  11:42  Probe x2  
  62  11:44  High Templar x3, Probe  
  62  11:45  High Templar  
  62  11:46  Zealot x3  
  80  11:54  Probe  
  81  12:03  Archon  
  81  12:05  Archon  
  57  12:10  Stalker  
  57  12:11  Stalker x4  
  57  12:13  High Templar  
  65  12:16  High Templar  
  65  12:20  Archon  
  63  12:29  Resonating Glaives  
  63  12:34  Probe x3  
  66  12:49  Stalker x4  
  74  12:57  Probe  
  74  12:58  Probe x2  
  74  13:05  Probe  
  74  13:06  Probe x2  
  74  13:09  High Templar x3  
  83  13:15  Probe x3  
  86  13:26  Zealot x4  
  72  13:40  Zealot x3  
  68  13:46  Shield Battery  
  62  13:53  High Templar x3  
  62  13:54  High Templar  
  62  13:55  Zealot x3  
  67  14:00  Archon  
  57  14:06  Stalker x4  
  57  14:07  Stalker  
  44  14:25  Zealot  
Tags
 
Add a new tag
Caveats
  • Supply blocks, unpowered buildings, or Contaminate may cause inaccurate times.
  • Supply counts are checked every 10 seconds.